| TOP OF THE 1ST |
|
Detroit Tigers batting - Pitching for Milwaukee Brewers : LHP Tom Underwood
|
|
Pitching: LHP Tom Underwood
|
|
|
Batting: SHB Lee Mazzilli
|
0-0: Ball 1-0: Ball 2-0: SINGLE (Groundball, 56D, EV 99.4 MPH)
|
|
Batting: SHB Raul Gonzalez
|
0-0: Ball 1-0: Ball 2-0: Fielders Choice at 2nd, 4-6 (Groundball, 4M, EV 108.8 MPH)
|
|
Batting: SHB Tony Phillips
|
0-0: Ball 1-0: Foul Ball, location: 2F 1-1: Called Strike 1-2: Foul Ball, location: 2F 1-2: Ball 2-2: Ball 3-2: Base on Balls Raul Gonzalez to second
|
|
Batting: RHB Keith Moreland
|
0-0: Ball 1-0: Swinging Strike 1-1: Ground out U3 (Groundball, 23, EV 86.9 MPH) Raul Gonzalez to third Tony Phillips to second
|
|
Batting: RHB Andre Thornton
|
0-0: Called Strike 0-1: Ball 1-1: Ball 2-1: Ball 3-1: Base on Balls
|
|
Batting: RHB Larry Parrish
|
0-0: Foul Ball, location: 2F 0-1: Ball 1-1: Swinging Strike 1-2: Ball 2-2: Strikes out swinging
|
| Top of the 1st over - 0 runs, 1 hit, 0 errors, 3 left on base; Detroit 0 - Milwaukee 0 |
| BOTTOM OF THE 1ST |
|
Milwaukee Brewers batting - Pitching for Detroit Tigers : RHP Edwin Ramirez
|
|
Pitching: RHP Edwin Ramirez
|
|
|
Batting: RHB Steve Sax
|
0-0: Ball 1-0: Called Strike 1-1: Swinging Strike 1-2: Fly out, F8 (Flyball, 89D, EV 81.9 MPH)
|
|
Batting: LHB Von Hayes
|
0-0: Foul Ball, location: 2F 0-1: Foul Ball, location: 2F 0-2: Ball 1-2: Foul Ball, location: 2F 1-2: Foul Ball, location: 2F 1-2: Ground out 1-3 (Groundball, 13S, EV 66.9 MPH)
|
|
Batting: RHB Eric Davis
|
0-0: Ball 1-0: SOLO HOME RUN (Flyball, 9D, EV 88.8 MPH), Distance : 419 ft
|
|
Batting: SHB Eddie Murray
|
0-0: Ball 1-0: Ball 2-0: SINGLE (Groundball, 34D, EV 98.8 MPH)
|
|
Batting: LHB Al Oliver
|
0-0: Ground out 5-3 (Groundball, 56S, EV 64.4 MPH)
|
| Bottom of the 1st over - 1 run, 2 hits, 0 errors, 1 left on base; Detroit 0 - Milwaukee 1 |
| TOP OF THE 2ND |
|
Detroit Tigers batting - Pitching for Milwaukee Brewers : LHP Tom Underwood
|
|
Batting: LHB Mike Laga
|
0-0: Foul Ball, location: 2F 0-1: Foul Ball, location: 2F 0-2: Ball 1-2: Ball 2-2: Ball 3-2: Foul Ball, location: 2F 3-2: DOUBLE (Line Drive, 3D, EV 99.4 MPH) - OUT at third base trying to stretch hit.
|
|
Batting: RHB Mike Sproles
|
0-0: Ground out 5-3 (Groundball, 56S, EV 68.8 MPH)
|
|
Batting: LHB Randy S Johnson
|
0-0: Swinging Strike 0-1: Ball 1-1: Swinging Strike 1-2: Strikes out swinging
|
| Top of the 2nd over - 0 runs, 1 hit, 0 errors, 0 left on base; Detroit 0 - Milwaukee 1 |
| BOTTOM OF THE 2ND |
|
Milwaukee Brewers batting - Pitching for Detroit Tigers : RHP Edwin Ramirez
|
|
Batting: RHB Thurman Munson
|
0-0: Swinging Strike 0-1: Ground out 4-3 (Groundball, 4S, EV 82.5 MPH)
|
|
Batting: RHB Mike Schmidt
|
0-0: Called Strike 0-1: Foul Ball, location: 2F 0-2: Fly out, F8 (Flyball, 8LM, EV 83.8 MPH)
|
|
Batting: RHB Ken Landreaux
|
0-0: Called Strike 0-1: Ball 1-1: Swinging Strike 1-2: Foul Ball, location: 2F 1-2: Hit by Pitch
|
|
Batting: SHB Alfredo Griffin
|
0-0: Fielders Choice at 2nd, 5-4 (Groundball, 5, EV 105.6 MPH)
|
| Bottom of the 2nd over - 0 runs, 0 hits, 0 errors, 1 left on base; Detroit 0 - Milwaukee 1 |
| TOP OF THE 3RD |
|
Detroit Tigers batting - Pitching for Milwaukee Brewers : LHP Tom Underwood
|
|
Batting: SHB Lee Mazzilli
|
0-0: Bunt missed! 0-1: Called Strike 0-2: Fly out, F9 (Line Drive, 9, EV 95.0 MPH)
|
|
Batting: SHB Raul Gonzalez
|
0-0: Ball 1-0: Ground out 6-3 (Groundball, 6, EV 84.4 MPH)
|
|
Batting: SHB Tony Phillips
|
0-0: DOUBLE (Line Drive, 89D, EV 105.6 MPH)
|
|
Batting: RHB Keith Moreland
|
0-0: Ball 1-0: Called Strike 1-1: Foul Ball, location: 2F 1-2: Ball 2-2: Foul Ball, location: 2F 2-2: Ground out 6-3 (Groundball, 6, EV 88.8 MPH)
|
| Top of the 3rd over - 0 runs, 1 hit, 0 errors, 1 left on base; Detroit 0 - Milwaukee 1 |
| BOTTOM OF THE 3RD |
|
Milwaukee Brewers batting - Pitching for Detroit Tigers : RHP Edwin Ramirez
|
|
Batting: RHB Steve Sax
|
0-0: Fly out, F9 (Line Drive, 9, EV 105.6 MPH)
|
|
Batting: LHB Von Hayes
|
0-0: Called Strike 0-1: Called Strike 0-2: Ball 1-2: Ball 2-2: Strikes out swinging, 2-3 out at first.
|
|
Batting: RHB Eric Davis
|
0-0: Foul Ball, location: 2F 0-1: Fly out, F9 (Line Drive, 9, EV 98.1 MPH)
|
| Bottom of the 3rd over - 0 runs, 0 hits, 0 errors, 0 left on base; Detroit 0 - Milwaukee 1 |
| TOP OF THE 4TH |
|
Detroit Tigers batting - Pitching for Milwaukee Brewers : LHP Tom Underwood
|
|
Batting: RHB Andre Thornton
|
0-0: Foul Ball, location: 2F 0-1: Foul Ball, location: 2F 0-2: Strikes out swinging
|
|
Batting: RHB Larry Parrish
|
0-0: Fly out, F8 (Flyball, 8LXD, EV 106.3 MPH)
|
|
Batting: LHB Mike Laga
|
0-0: Ball 1-0: Ground out 5-3 (Groundball, 56D, EV 95.0 MPH)
|
| Top of the 4th over - 0 runs, 0 hits, 0 errors, 0 left on base; Detroit 0 - Milwaukee 1 |
| BOTTOM OF THE 4TH |
|
Milwaukee Brewers batting - Pitching for Detroit Tigers : RHP Edwin Ramirez
|
|
Batting: SHB Eddie Murray
|
0-0: Foul Ball, location: 2F 0-1: Foul Ball, location: 2F 0-2: Fly out, F7 (Flyball, 7LS, EV 82.5 MPH)
|
|
Batting: LHB Al Oliver
|
0-0: Ball 1-0: Foul Ball, location: 2F 1-1: Called Strike 1-2: Fly out, F7 (Flyball, 7LD, EV 105.6 MPH)
|
|
Batting: RHB Thurman Munson
|
0-0: Swinging Strike 0-1: Ground out 4-3 (Groundball, 4, EV 93.1 MPH)
|
| Bottom of the 4th over - 0 runs, 0 hits, 0 errors, 0 left on base; Detroit 0 - Milwaukee 1 |
| TOP OF THE 5TH |
|
Detroit Tigers batting - Pitching for Milwaukee Brewers : LHP Tom Underwood
|
|
Pitching: RHP Andy Messersmith
|
|
|
Batting: RHB Mike Sproles
|
0-0: Ball 1-0: Ball 2-0: Called Strike 2-1: Ground out 6-3 (Groundball, 6S, EV 64.4 MPH)
|
|
Batting: LHB Randy S Johnson
|
0-0: Called Strike 0-1: Foul Ball, location: 2F 0-2: Foul Ball, location: 2F 0-2: Fly out, F2 (Popup, 2LF, EV 86.9 MPH)
|
|
Batting: SHB Lee Mazzilli
|
0-0: Called Strike 0-1: Hit by Pitch
|
|
Batting: SHB Raul Gonzalez
|
0-0: Called Strike 0-1: Ball Lee Mazzilli steals 2nd base 1-1: Swinging Strike 1-2: Fly out, F8 (Flyball, 8LD, EV 95.0 MPH)
|
| Top of the 5th over - 0 runs, 0 hits, 0 errors, 1 left on base; Detroit 0 - Milwaukee 1 |
| BOTTOM OF THE 5TH |
|
Milwaukee Brewers batting - Pitching for Detroit Tigers : RHP Edwin Ramirez
|
|
Pitching: RHP Leonardo Gomez
|
|
|
Batting: RHB Mike Schmidt
|
0-0: Foul Ball, location: 2F 0-1: Swinging Strike 0-2: Ball 1-2: Foul Ball, location: 2F 1-2: Foul Ball, location: 2F 1-2: Ball 2-2: Ground out 6-3 (Groundball, 6, EV 83.1 MPH)
|
|
Batting: RHB Ken Landreaux
|
0-0: Ball 1-0: SINGLE (Line Drive, 34D, EV 104.4 MPH)
|
|
Batting: SHB Alfredo Griffin
|
0-0: Called Strike 0-1: Ball 1-1: SINGLE (Groundball, 25, EV 66.3 MPH) (infield hit) Ken Landreaux to second
|
|
Batting: RHB Steve Sax
|
0-0: Ball 1-0: Ball 2-0: DOUBLE (Line Drive, 89XD, EV 103.8 MPH) Ken Landreaux scores Alfredo Griffin to third Runner from 3rd tries for Home, SAFE, throw by CF to trailing runner, SAFE at third!
|
|
Batting: LHB Von Hayes
|
0-0: Ball 1-0: Called Strike 1-1: 2-RUN HOME RUN (Flyball, 9D, EV 101.9 MPH), Distance : 399 ft
|
|
Pitching: RHP Douglas Mathey
|
|
|
Batting: RHB Eric Davis
|
0-0: Swinging Strike 0-1: Ball 1-1: Ground out 4-3 (Groundball, 34, EV 86.9 MPH)
|
|
Batting: SHB Eddie Murray
|
0-0: Fly out, F7 (Flyball, 7S, EV 88.8 MPH)
|
| Bottom of the 5th over - 4 runs, 4 hits, 0 errors, 0 left on base; Detroit 0 - Milwaukee 5 |
| TOP OF THE 6TH |
|
Detroit Tigers batting - Pitching for Milwaukee Brewers : RHP Andy Messersmith
|
|
Batting: SHB Tony Phillips
|
0-0: Called Strike 0-1: Foul Ball, location: 2F 0-2: Foul Ball, location: 2F 0-2: Ball 1-2: Foul Ball, location: 2F 1-2: Ball 2-2: SINGLE (Line Drive, 4MD, EV 100.0 MPH)
|
|
Batting: RHB Keith Moreland
|
0-0: Called Strike Tony Phillips is caught stealing 2nd base 2-4 0-1: Called Strike 0-2: Ground out 6-3 (Groundball, 6D, EV 100.0 MPH)
|
|
Batting: RHB Andre Thornton
|
0-0: Foul Ball, location: 2F 0-1: Ground out 6-3 (Groundball, 6, EV 82.5 MPH)
|
| Top of the 6th over - 0 runs, 1 hit, 0 errors, 0 left on base; Detroit 0 - Milwaukee 5 |
| BOTTOM OF THE 6TH |
|
Milwaukee Brewers batting - Pitching for Detroit Tigers : RHP Douglas Mathey
|
|
Batting: LHB Al Oliver
|
0-0: Called Strike 0-1: SOLO HOME RUN (Flyball, 9LD, EV 110.0 MPH), Distance : 356 ft
|
|
Batting: RHB Thurman Munson
|
0-0: Ball 1-0: Called Strike 1-1: Ball 2-1: SINGLE (Line Drive, 7LS, EV 105.0 MPH)
|
|
Batting: RHB Mike Schmidt
|
0-0: Called Strike 0-1: Ball 1-1: Ball 2-1: Grounds into double play, 6-4-3 (Groundball, 6, EV 86.9 MPH)
|
|
Batting: RHB Ken Landreaux
|
0-0: Foul Ball, location: 2F 0-1: SINGLE (Line Drive, 8LS, EV 102.5 MPH)
|
|
Batting: SHB Alfredo Griffin
|
0-0: Ball 1-0: Foul Ball, location: 2F 1-1: Ball 2-1: Fly out, F9 (Flyball, 9S, EV 85.0 MPH)
|
| Bottom of the 6th over - 1 run, 3 hits, 0 errors, 1 left on base; Detroit 0 - Milwaukee 6 |
| TOP OF THE 7TH |
|
Detroit Tigers batting - Pitching for Milwaukee Brewers : RHP Andy Messersmith
|
|
Batting: RHB Larry Parrish
|
0-0: Ball 1-0: Called Strike 1-1: Ball 2-1: Called Strike 2-2: Strikes out looking
|
|
Batting: LHB Mike Laga
|
0-0: Ball 1-0: Foul Ball, location: 2F 1-1: SINGLE (Groundball, 56D, EV 96.3 MPH)
|
|
Batting: RHB Mike Sproles
|
0-0: Grounds into double play, 6-4-3 (Groundball, 6, EV 96.3 MPH)
|
| Top of the 7th over - 0 runs, 1 hit, 0 errors, 0 left on base; Detroit 0 - Milwaukee 6 |
| BOTTOM OF THE 7TH |
|
Milwaukee Brewers batting - Pitching for Detroit Tigers : RHP Douglas Mathey
|
|
Pinch Hitting: RHB Brian J Giles
|
0-0: Reached on error, E5 (Groundball, 56S, EV 94.4 MPH)
|
|
Pinch Hitting: RHB Ricky Jacquez
|
0-0: Called Strike 0-1: Ground out 6-3 (Groundball, 4MS, EV 76.9 MPH) Brian J Giles to third
|
|
Pinch Hitting: RHB Skeeter Barnes
|
0-0: Called Strike 0-1: Called Strike 0-2: Ball Passed Ball! Brian J Giles scores 1-2: Ball 2-2: Ball 3-2: Strikes out swinging
|
|
Pinch Hitting: LHB Mike Gates
|
0-0: Called Strike 0-1: Ball 1-1: SINGLE (Line Drive, 9S, EV 99.4 MPH)
|
|
Batting: RHB Glenn Davis
|
0-0: Ball 1-0: Called Strike 1-1: Fly out, F8 (Line Drive, 8RD, EV 95.0 MPH)
|
| Bottom of the 7th over - 1 run, 1 hit, 1 error, 1 left on base; Detroit 0 - Milwaukee 7 |
| TOP OF THE 8TH |
|
Detroit Tigers batting - Pitching for Milwaukee Brewers : RHP Andy Messersmith
|
|
Now at 1B: Mike Gates
|
|
|
Now at 2B: Brian J Giles
|
|
|
Now in LF: Skeeter Barnes
|
|
|
Now in CF: Ricky Jacquez
|
|
|
Batting: LHB Randy S Johnson
|
0-0: Ball 1-0: Ground out 4-3 (Groundball, 4, EV 84.4 MPH)
|
|
Pinch Hitting: RHB Rusty Tillman
|
0-0: Ball 1-0: Foul Ball, location: 2F 1-1: Ball 2-1: Foul Ball, location: 2F 2-2: Ground out 5-3 (Groundball, 56S, EV 61.3 MPH)
|
|
Pinch Hitting: RHB Rusty Kuntz
|
0-0: Swinging Strike 0-1: Foul Ball, location: 2F 0-2: Ball 1-2: Ball 2-2: Ball 3-2: Fly out, F2 (Popup, 23F, EV 85.0 MPH)
|
| Top of the 8th over - 0 runs, 0 hits, 0 errors, 0 left on base; Detroit 0 - Milwaukee 7 |
| BOTTOM OF THE 8TH |
|
Milwaukee Brewers batting - Pitching for Detroit Tigers : RHP Douglas Mathey
|
|
Now in CF: Rusty Tillman
|
|
|
Now in RF: Rusty Kuntz
|
|
|
Batting: RHB Thurman Munson
|
0-0: Ball 1-0: Foul Ball, location: 2F 1-1: Ball 2-1: Fly out, F9 (Flyball, 89M, EV 94.4 MPH)
|
|
Pinch Hitting: RHB Pat Tabler
|
0-0: Ball 1-0: Ball 2-0: Ball 3-0: Called Strike 3-1: Ground out U3 (Groundball, 34, EV 106.3 MPH)
|
|
Pinch Hitting: LHB Harold Baines
|
0-0: Ball 1-0: Foul Ball, location: 2F 1-1: Ball 2-1: Swinging Strike 2-2: Ball 3-2: Foul Ball, location: 2F 3-2: Base on Balls
|
|
Pinch Hitting: SHB Wally Backman
|
0-0: Called Strike 0-1: Swinging Strike 0-2: Ground out 6-3 (Groundball, 4MS, EV 68.8 MPH)
|
| Bottom of the 8th over - 0 runs, 0 hits, 0 errors, 1 left on base; Detroit 0 - Milwaukee 7 |
| TOP OF THE 9TH |
|
Detroit Tigers batting - Pitching for Milwaukee Brewers : RHP Andy Messersmith
|
|
Now at 3B: Pat Tabler
|
|
|
Now at SS: Wally Backman
|
|
|
Now in RF: Harold Baines
|
|
|
Pinch Hitting: RHB Jose Hidalgo
|
0-0: Foul Ball, location: 2F 0-1: Called Strike 0-2: Strikes out swinging
|
|
Pinch Hitting: RHB Joe Maddon
|
0-0: Called Strike 0-1: Ground out 4-3 (Groundball, 4, EV 81.9 MPH)
|
|
Batting: LHB Greg Brock
|
0-0: Called Strike 0-1: SINGLE (Groundball, 4MD, EV 96.9 MPH)
|
|
Pinch Hitting: RHB William Young
|
0-0: Ball 1-0: Called Strike 1-1: Ball 2-1: Swinging Strike 2-2: Fly out, F6 (Popup, 6MS, EV 69.4 MPH)
|
| Top of the 9th over - 0 runs, 1 hit, 0 errors, 1 left on base; Detroit 0 - Milwaukee 7 |
|